 Dungeon Crawl Stone Soup version 0.26-a0-812-g31a745ddcd (webtiles) character file.

Game seed: 11449558040981248380

2965 Dracia the Spear-Bearer (level 9, -4/93 HPs)
             Began as a Merfolk Gladiator on Dec 10, 2020.
             Was a Follower of Okawaru.
             Slain by an orc warrior
             ... wielding a +0 scimitar
              (11 damage)
             ... on level 8 of the Dungeon.
             The game lasted 00:15:59 (8353 turns).

Dracia the Spear-Bearer (Merfolk Gladiator)         Turns: 8353, Time: 00:15:59

Health: -4/93      AC: 31    Str: 15    XL:     9   Next: 82%
Magic:  11/11      EV:  2    Int: 16    God:    Okawaru [*.....]
Gold:   299        SH:  0    Dex: 19    Spells: 8/8 levels left

rFire    . . .     SeeInvis .   u - +0 trident (protect)
rCold    . . .     Faith    .   (no shield)
rNeg     + + +     Spirit   .   (armour currently unavailable)
rPois    +         Reflect  .   (helmet currently unavailable)
rElec    .         Harm     .   (cloak currently unavailable)
rCorr    .         Rampage  .   (gloves currently unavailable)
MR       .....     Clarity  +   (boots currently unavailable) Stlth ++........NoTele +
                                s - amulet of inaccuracy
HPRegen  0.25/turn              D - +6 ring of dexterity
MPRegen  0.12/turn              I - +6 ring of intelligence

@: tree-form, protection aura
A: (change form in water), (swift swim), (stealthy swim), rugged brown scales 1,
clarity, clumsy 1
a: Heroism, Renounce Religion


You were on level 8 of the Dungeon.
You worshipped Okawaru.
Okawaru was aware of your devotion.
You were a tree.
You visited 2 branches of the dungeon, and saw 9 of its levels.

You collected 513 gold pieces.
You spent 214 gold pieces at shops.


Innate Abilities, Weirdness & Mutations

((You revert to your normal form in water.))
((You are very nimble and swift while swimming.))
((You are very stealthy in the water. (Stealth+)))
(You are partially covered in rugged brown scales. (AC +1, +3% HP))
You possess an exceptional clarity of mind.
You are clumsy. (Dex -2)


   Skills:
 - Level 2.1 Fighting
 - Level 14.0 Polearms
 - Level 2.0 Throwing
 + Level 9.2 Dodging
 + Level 3.7 Invocations
 - Level 4.9 Evocations


You had 8 spell levels left.
You didn't know any spells.
Your spell library was empty.

Inventory:

Hand Weapons
 a - a +0 trident
 u - a +0 trident of protection (weapon)
 F - a +3 trident
Missiles
 d - 3 throwing nets {=f=f}
 l - 3 curare-tipped darts {=f=f}
 v - 51 poisoned darts (quivered)
Armour
 b - a +0 leather armour
 c - a +0 helmet (melded)
 o - a +2 cloak (melded)
 r - a +3 leather armour of fire resistance (melded)
 E - a +2 pair of boots (melded)
Magical Staves
 q - an uncursed staff of poison {!a!a, unknown}
 w - an uncursed staff of cold {!a!a, unknown}
Jewellery
 s - an amulet of inaccuracy (around neck)
 z - an uncursed ring of flight {unknown}
 C - an uncursed ring of protection from cold
 D - a +6 ring of dexterity (left branch)
 I - a +6 ring of intelligence (right branch)
 Q - an uncursed ring of stealth
Wands
 p - a wand of iceblast (18)
 t - a wand of random effects (51)
 y - a wand of flame (21)
 B - a wand of enslavement (6)
Scrolls
 e - a scroll of amnesia
 h - 7 scrolls of identify {@r1@r1}
 i - 3 scrolls of blinking
 j - 5 scrolls of remove curse {@r2@r2}
 m - a scroll of fear
 A - a scroll of enchant armour
Potions
 f - 5 potions of might
 g - a potion of lignification
 k - 2 potions of curing {@q1@q1}
 x - a potion of cancellation

Dungeon Overview and Level Annotations

Branches:
Dungeon (8/15)             Temple (1/1) D:5
   Lair: D:8-11

Altars:
Ashenzari
Dithmenos
Elyvilon
Fedhas
Gozag
Hepliaklqana
Kikubaaqudgha
Makhleb
Nemelex Xobeh
Okawaru
Qazlal
Ru
Sif Muna
Trog
Vehumet
Wu Jian
Yredelemnul
Zin
The Shining One

Shops:
D:7 [}![

...##.. .. ##.##.##..##.
....#.. ..# #.....##.....
....... #.# #............
....... #.###............
....... #..##........_...
....... #..#.............
#.....###..#..c........).
.#.....o##................
.......oo♣...#.......^.)..
.....#.Z##.##....†........
.... #.###.......#........
... ... ##..##..#........
## .##. .......#........#
#. #. ....##..##....#.#. #
.. ##.#########...... ##
##..... ##.. .


You could see an orc warrior, a centaur, 2 orcs and an adder skeleton.


Message History

The orc warrior is severely wounded.
The centaur wields a +0 shortbow.
The centaur shoots an arrow.
The arrow hits you but does no damage.
The orc warrior hits you but does no damage.
You closely miss the orc warrior.
The orc warrior is severely wounded.
The centaur shoots an arrow.
The arrow hits you.
* * * LOW HITPOINT WARNING * * *
You hit the orc warrior but do no damage.
The orc warrior is severely wounded.
The orc warrior barely misses you.
The centaur shoots an arrow.
The arrow hits you.
* * * LOW HITPOINT WARNING * * *
Unknown command.
You miss the orc warrior.
The orc warrior is heavily wounded.
You closely miss the orc warrior.
The orc warrior is heavily wounded.
The orc warrior hits you with a +0 scimitar.
* * * LOW HITPOINT WARNING * * *
You hit the orc warrior.
The orc warrior is severely wounded.
The centaur shoots an arrow.
The arrow hits you.
* * * LOW HITPOINT WARNING * * *
You hit the orc warrior.
The orc warrior is almost dead.
You feel like a meek peon again.
The centaur shoots an arrow.
The arrow hits you but does no damage.
The orc warrior hits you with a +0 scimitar!
You die...

Skill      XL: |  1  2  3  4  5  6  7  8  9 |
---------------+----------------------------+-----
Polearms       | 5 6 7 8 9 11 12 14 | 14.0
Dodging        | 6 9 |  9.2
Evocations     | 3 4 |  4.9
Invocations    | 3 |  3.7
Fighting       | |  2.1
Throwing       | |  2.0

Action                   |  1- 3 |  4- 6 |  7- 9 || total
-------------------------+-------+-------+-------++-------
Melee: Trident           |   133 |   332 |   524 ||   989
       Tailslap          |       |       |     6 ||     6
Invok: Heroism           |       |       |     1 ||     1
  Use: Potion            |       |     6 |     8 ||    14
       Scroll            |       |    10 |     4 ||    14
 Stab: Sleeping          |     1 |    17 |     4 ||    22
Armor: Leather armour    |    19 |    72 |    83 ||   174
       Skin              |       |       |     5 ||     5
Dodge: Dodged            |    73 |   182 |   262 ||   517

Levels and vault maps discovered:
D:1:      nzn_arrival_water_spiral, layout_loops_ring, minmay_lizard_king
D:2:      kb_forest_paths, layout_basic, minmay_misc_feat_roman, uniq_terence
D:3:      layout_basic, cheibrodos_ashenzari_chains
D:4:      layout_layer_cave, zin_statuary
D:5:      layout_rooms, temple_statues, serial_rivers,
          chequers_serial_rivers_marsh, chequers_serial_rivers_room_b,
          chequers_serial_rivers_micro_b, chequers_serial_rivers_room_a,
          chequers_serial_rivers_micro_a, chequers_serial_rivers_micro_c,
          lemuel_another_geyser, uniq_eustachio, uniq_pikel
D:6:      layout_loops_cross, chequers_temple_overflow_statue_of_worship,
          nicolae_ru_sacrificial_ziggurat, hellmonk_ghost_happy_afterlife,
          uniq_blork_the_orc, uniq_grinder
D:7:      layout_loops_ring, yredelemnul_forgotten_temple_becter,
          lemuel_round_altar, fiery_altar_vehumet, serial_shops,
          kennysheep_little_box, kennysheep_mini_moat, shop_fountains,
          nicolae_shop_statue_plus
D:8:      layout_cave_pools, grunt_gozag_breadcrumbs, basic_altar
Temple:   dpeg_chambers_temple

Notes
Turn   | Place    | Note
-------+----------+-------------------------------------------
     0 | D:1      | Dracia the Merfolk Gladiator began the quest for the Orb.
     0 | D:1      | Reached XP level 1. HP: 16/16 MP: 1/1
    71 | D:1      | Reached skill level 5 in Polearms
    83 | D:1      | Reached XP level 2. HP: 13/22 MP: 2/2
   270 | D:1      | Reached skill level 6 in Polearms
   270 | D:1      | Reached XP level 3. HP: 26/27 MP: 3/3
   984 | D:2      | Noticed Terence
   994 | D:2      | Killed Terence
   994 | D:2      | Reached skill level 7 in Polearms
   994 | D:2      | Reached XP level 4. HP: 22/33 MP: 4/4
  1748 | D:2      | Reached skill level 8 in Polearms
  1748 | D:2      | Reached XP level 5. HP: 38/38 MP: 5/5
  2487 | D:3      | Found a broken altar of Ashenzari.
  2505 | D:3      | Reached skill level 9 in Polearms
  2701 | D:3      | Reached XP level 6. HP: 35/44 MP: 6/6
  3610 | D:4      | Gained mutation: You are clumsy. (Dex -2) [potion of
                  | mutation]
  3610 | D:4      | Gained mutation: You possess an exceptional clarity of
                  | mind. [potion of mutation]
  3610 | D:4      | Gained mutation: You are partially covered in rugged brown
                  | scales. (AC +1, +3% HP) [potion of mutation]
  3750 | D:4      | Reached skill level 10 in Polearms
  4130 | D:4      | Found a glowing silver altar of Zin.
  4400 | D:5      | Entered Level 5 of the Dungeon
  4473 | D:5      | Noticed an ice beast
  4520 | D:5      | Killed an ice beast
  4520 | D:5      | Reached skill level 11 in Polearms
  4520 | D:5      | Reached XP level 7. HP: 28/51 MP: 7/7
  4937 | D:5      | Reached skill level 12 in Polearms
  5093 | D:5      | Noticed Eustachio
  5118 | D:5      | Killed Eustachio
  5160 | D:5      | Reached XP level 8. HP: 51/57 MP: 8/8
  5163 | D:5      | Reached skill level 13 in Polearms
  5540 | D:5      | Found a staircase to the Ecumenical Temple.
  5544 | D:5      | Noticed Pikel
  5578 | D:5      | Killed Pikel
  5578 | D:5      | Reached skill level 14 in Polearms
  5578 | D:5      | Reached skill level 5 in Dodging
  5578 | D:5      | Reached skill level 2 in Evocations
  5594 | Temple   | Entered the Ecumenical Temple
  5783 | Temple   | Became a worshipper of Warmaster Okawaru
  5951 | D:6      | Reached skill level 6 in Dodging
  5951 | D:6      | Reached skill level 3 in Evocations
  6058 | D:6      | Found a sacrificial altar of Ru.
  6087 | D:6      | Found a hazy altar of Hepliaklqana.
  6088 | D:6      | Found a broken altar of Ashenzari.
  6088 | D:6      | Found a stormy altar of Qazlal.
  6088 | D:6      | Noticed Grinder
  6091 | D:6      | Paralysed by Grinder for 5 turns
  6131 | D:6      | Paralysed by Grinder for 3 turns
  6139 | D:6      | Killed Grinder
  6139 | D:6      | Reached XP level 9. HP: 36/62 MP: 9/9
  6282 | D:6      | Noticed Blork the orc
  6298 | D:6      | Killed Blork the orc
  6298 | D:6      | Reached skill level 4 in Evocations
  6369 | D:6      | Reached skill level 7 in Dodging
  6432 | D:6      | Noticed kae's ghost (novice TeTm)
  6440 | D:6      | Found a runed translucent door.
  6485 | D:6      | Killed kae's ghost
  6485 | D:6      | Reached * piety under Okawaru
  7240 | D:7      | Found Toalib's Armour Boutique.
  7244 | D:7      | Reached skill level 8 in Dodging
  7295 | D:7      | Found Jonnof Cui's Armour Shoppe.
  7296 | D:7      | Found a glowing golden altar of the Shining One.
  7310 | D:7      | Reached skill level 1 in Invocations
  7538 | D:7      | Found a basalt altar of Yredelemnul.
  7579 | D:7      | Bought a +2 pair of boots for 214 gold pieces
  7670 | D:7      | Found a radiant altar of Vehumet.
  7942 | D:7      | Found Qeomynk's Distillery.
  7952 | D:7      | Reached skill level 2 in Invocations
  7998 | D:7      | Found Osodghos's Gadget Boutique.
  8170 | D:8      | Found a white marble altar of Elyvilon.
  8245 | D:8      | Found an opulent altar of Gozag.
  8279 | D:8      | Reached skill level 3 in Invocations
  8300 | D:8      | Noticed a troll
  8321 | D:8      | Killed a troll
  8321 | D:8      | Reached skill level 9 in Dodging
  8338 | D:8      | HP: 5/62 [orc warrior/+0 scimitar (8)]
  8352 | D:8      | HP: 7/93 [centaur/arrow (6)]
  8353 | D:8      | Slain by an orc warrior

Vanquished Creatures
  Pikel (D:5)
  The ghost of kae the Insei, a novice TeTm of Ru (D:6)
  A troll (D:8)
  Grinder (D:6)
  Eustachio (D:5)
  A sky beast (D:6)
  An ice beast (D:5)
  A necrophage (D:5)
  2 ogres
  4 centaurs
  Blork the orc (D:6)
  3 scorpions
  A quasit (D:5)
  3 orc wizards
  2 hounds
  A bullfrog skeleton (D:8)
  An iguana (D:8)
  Terence (D:2)
  7 worker ants
  3 gnolls (D:3)
  9 adders
  2 shadow imps (D:5)
  A white imp (D:5)
  2 ufetubi
  An ooze (D:4)
  2 adder skeletons
  2 worms
  3 dart slugs
  7 leopard geckos
  19 orcs
  10 bats
  8 giant cockroaches
  12 hobgoblins
  20 jackals
  4 quokkas
  2 ball pythons
  16 frilled lizards
  7 goblins
  A jackal skeleton (D:7)
  10 kobolds
  A quokka skeleton (D:5)
  6 rats
  A spectral orc (D:7)
183 creatures vanquished.

Vanquished Creatures (others)
  4 plants (D:1)
4 creatures vanquished.

Grand Total: 187 creatures vanquished

Table legend: (Time is in decaauts)
 A = Elapsed time spent in this place.
 B = Non-inter-level travel time spent in this place.
 C = Inter-level travel time spent in this place.
 D = Time resting spent in this place.
 E = Time spent auto-exploring this place.
 F = Levels seen in this place.
 G = Mean time per level.
                   A        B        C        D        E       F      G
               +--------+--------+--------+--------+--------+-----+--------+
         Total |   8060 |   7889 |    171 |    780 |   5799 |   9 |  895.6 |
       Dungeon |   7857 |   7699 |    158 |    780 |   5614 |   8 |  982.1 |
        Temple |    202 |    189 |     13 |      0 |    185 |   1 |  202.0 |
               +--------+--------+--------+--------+--------+-----+--------+

Top non-repeatable levels by time:
     D:4: 1367 daAuts
     D:6: 1223 daAuts
     D:5: 1184 daAuts
     D:3: 1109 daAuts
     D:1: 968 daAuts
     D:2: 919 daAuts
     D:7: 795 daAuts
     D:8: 289 daAuts
  Temple: 202 daAuts

Table legend:
 A = Non-vault XP
 B = Vault XP
 C = Vault XP percentage of total XP
 D = Non-vault monster count
 E = Vault monster count
 F = Vault count percentage of total count
                 A         B        C        D         E       F
            +---------+---------+-------+---------+---------+-------
      Total |    2586 |    1651 |  39.0 |     159 |      24 |  13.1
            +---------+---------+-------+---------+---------+-------
        D:1 |      62 |      13 |  17.3 |      35 |      11 |  23.9
        D:2 |      44 |      56 |  56.0 |      18 |       7 |  28.0
        D:3 |     174 |       0 |   0.0 |      44 |       0 |   0.0
        D:4 |     135 |       0 |   0.0 |      11 |       0 |   0.0
        D:5 |     923 |     775 |  45.6 |      23 |       2 |   8.0
        D:6 |     324 |     806 |  71.3 |       4 |       3 |  42.9
        D:7 |     268 |       1 |   0.4 |      14 |       1 |   6.7
        D:8 |     656 |       0 |   0.0 |      10 |       0 |   0.0
            +---------+---------+-------+---------+---------+-------
